 Dungeon Crawl Stone Soup version 0.30-a0-313-gae38170b09 (webtiles) character file.

Game seed: 9983352063525473943

1698 lunkers the Geomancer (level 9, -9/105 HPs)
             Began as a Meteoran Earth Elementalist on Oct 26, 2022.
             Was a Believer of Sif Muna.
             Killed from afar by an orc wizard (10 damage)
             ... with a puff of flame
             ... on level 6 of the Dungeon.
             The game lasted 00:05:30 (2546 turns).

lunkers the Geomancer (Meteoran Earth Elementalist) Turns: 2546, Time: 00:05:31

Health: -9/105     AC: 24    Str: 10    XL:     9   Next: 47%
Magic:  18/20      EV:  2    Int: 22    God:    Sif Muna [**....]
Gold:   255        SH:  0    Dex: 14    Spells: 12/22 levels left

rFire   . . .      SeeInvis +    f - staff of earth
rCold   . . .      Faith    .    (no shield)
rNeg    . . .      Spirit   .    (body armour currently unavailable)
rPois   +          Reflect  .    (helmet currently unavailable)
rElec   .          Harm     .    (cloak currently unavailable)
rCorr   .          Rampage  .    (gloves currently unavailable)
Will    +....      NoTele   +    (boots currently unavailable)
Stlth   +.........               (no amulet)
HPRegen 0.37/turn                c - ring of see invisible
MPRegen 0.17/turn                (no ring)

@: confused, tree-form, channelling, glowing
A: stationary, stasis, torment immunity, boosted hp, sense surroundings 2,
otherworldly, glowing, explore regen
a: Renounce Religion, Channel Magic


You were on level 6 of the Dungeon.
You worshipped Sif Muna.
Sif Muna was pleased with you.
You were a tree.
You visited 2 branches of the dungeon, and saw 7 of its levels.

You collected 255 gold pieces.

Inventory:

Hand Weapons
 t - a +2 short sword of electrocution
Armour
 a - a +0 robe (melded)
 l - a +0 kite shield
 m - a +2 helmet (melded)
 o - a +0 pair of gloves (melded)
Magical Staves
 f - a staff of earth (weapon)
Jewellery
 c - a ring of see invisible (left branch)
 h - a ring of ice
Wands
 j - a wand of light (8)
 q - a wand of iceblast (10)
 s - a wand of flame (5)
 u - a wand of paralysis (6)
Scrolls
 d - a scroll of enchant weapon
 g - 3 scrolls of identify
Potions
 b - a potion of magic
 e - 4 potions of degeneration
 k - a potion of invisibility
 n - 2 potions of berserk rage
 v - a potion of flight


   Skills:
 + Level 3.4 Fighting
 + Level 4.7 Dodging
 - Level 1.4 Stealth
 + Level 7.0 Spellcasting
 - Level 5.7 Conjurations
 - Level 1.2 Transmutations
 - Level 8.0 Earth Magic
 + Level 4.2 Invocations


You had 12 spell levels left.
You knew the following spells:

 Your Spells              Type           Power      Damage    Failure   Level
a - Sandblast             Erth           100%       2d20      1%          1
b - Passwall              Tmut/Erth      35%        N/A       1%          2
c - Stone Arrow           Conj/Erth      100%       3d13      1%          3
d - Petrify               Tmut/Erth      42%        N/A       12%         4

Your spell library contained the following spells:

 Spells                   Type           Power      Damage    Failure   Level
 Gell's Gravitas          Tloc           7%         N/A       24%         3
 Lesser Beckoning         Tloc           14%        N/A       24%         3
 Teleport Other           Tloc           7%         N/A       24%         3


Dungeon Overview and Level Annotations

Branches:
Dungeon (6/15) Zot: 1002   Temple (1/1) D:5 Zot: 580

Altars:
Sif Muna

Shops:
D:4 ::


Innate Abilities, Weirdness & Mutations

You are a tree.
Your roots penetrate the ground, keeping you stationary.
You cannot be teleported.
You are immune to unholy pain and torment.
Your maximum health is greatly increased.
Your equipment is partially melded.
You passively map the area around you.
You are easily found by Zot.
You glow in the dark.
You regain HP and MP as you explore.


Message History

* * * LOW HITPOINT WARNING * * *
The orc wizard hits you but does no damage.
The orc wizard hits you with a +0 dagger.
* * * LOW HITPOINT WARNING * * *
You fail to use your ability.
The adder is engulfed in a cloud of scalding steam.
The adder bites you but does no damage. The orc hits you but does no damage.
The orc wizard hits you but does no damage. x2
Unknown command.
Unknown command.
Okay, then.
The adder is engulfed in a cloud of scalding steam.
The adder bites you but does no damage.
The orc hits you from afar with a +0 trident.
* * * LOW HITPOINT WARNING * * *
The orc wizard casts a spell at you.
You are confused.
The orc wizard mumbles some strange words.
The orc wizard flickers and vanishes for a moment.
You're too confused to cast spells.
Unknown command.
Okay, then.
The adder bites you but does no damage.
The orc is engulfed in a cloud of scalding steam.
The orc dies!
The orc is engulfed in a cloud of scalding steam.
The orc dies!
The orc wizard hits you but does no damage. x2
You cannot move. (Use ctrl+direction or * direction to attack while stationary and confused.)
You cannot move. (Use ctrl+direction or * direction to attack while stationary and confused.) You're too confused to cast spells.
Unknown command.
Unknown command.
You swing at nothing.
The adder bites you but does no damage. x2
The steam dragon breathes steam at you.
The ball of steam hits the orc wizard!
The ball of steam hits you!
* * * LOW HITPOINT WARNING * * *
The orc wizard gestures at you while chanting.
The puff of flame hits you!
You die...

, ,
,....#####.#..##.##.#.#
,, , ##.* *
##.#.....##.... * ,,,
##......######.# , ,
#.......# #.# *
###)..#...... ... * ,
#.#...#.#.### ##.# , **
, , ##D/)..#.#... ...#
,,,**
,##ooS)o.#.##########
,, *
,*#.)♣#...#...........
, * *
#..§##..##...####... ,
, **
#...§##..##.#.####.## ,
#....# ..##.#......#.
#....) ..##.###....#. ,
, ##.......##.# #.#....
, ##..... #.# #.##### ,
, #...#...#.###......
,, * ,,,#...#
...........#.


You could see a steam dragon, 3 orc wizards and an adder.

Vanquished Creatures
  Grinder (D:6)
  Sigmund (D:4)
  Menkaure (D:4)
  A water moccasin (D:6)
  2 ice beasts
  An ogre (D:4)
  A centaur (D:6)
  A kobold brigand (D:6)
  2 scorpions
  3 hounds
  3 orc priests
  4 iguanas
  Ijyb (D:5)
  4 orc wizards (D:6)
  Robin (D:3)
  4 gnolls (D:5)
  5 adders
  A shadow imp (D:6)
  2 white imps
  2 worms
  3 dart slugs
  7 orcs
  5 endoplasms
  9 goblins (D:3)
  9 hobgoblins
  5 jackals (D:5)
  3 quokkas
  4 ball pythons
  A bat (D:1)
  2 frilled lizards
  4 kobolds
  4 rats
97 creatures vanquished.

Vanquished Creatures (others)
  An orc wizard (D:6)
  3 orcs (D:6)
  A kobold (D:6)
  3 withered plants (D:3)
8 creatures vanquished.

Grand Total: 105 creatures vanquished

Notes
Turn   | Place    | Note
-------+----------+-------------------------------------------
     0 | D:1      | lunkers the Meteoran Earth Elementalist began the quest for
                  | the Orb.
     0 | D:1      | Reached XP level 1. HP: 14/14 MP: 5/5
   238 | D:1      | Reached XP level 2. HP: 20/20 MP: 4/6
   250 | D:1      | Reached skill level 4 in Earth Magic
   336 | D:2      | Learned a level 2 spell: Passwall
   421 | D:2      | Reached XP level 3. HP: 26/26 MP: 6/8
   710 | D:3      | Noticed Robin
   712 | D:3      | Reached XP level 4. HP: 29/33 MP: 3/10
   714 | D:3      | Reached skill level 5 in Earth Magic
   725 | D:3      | Killed Robin
   789 | D:3      | Found a shimmering blue altar of Sif Muna.
   814 | D:3      | Became a worshipper of Sif Muna the Loreminder
   819 | D:3      | Learned a level 3 spell: Stone Arrow
  1221 | D:4      | Found Mioviuc's Self-Improvement Boutique.
  1245 | D:4      | Found Luexti's Book Shop.
  1313 | D:4      | Reached skill level 1 in Conjurations
  1313 | D:4      | Reached XP level 5. HP: 38/38 MP: 7/11
  1324 | D:4      | Noticed an ogre
  1329 | D:4      | Killed an ogre
  1330 | D:4      | Reached skill level 6 in Earth Magic
  1330 | D:4      | Reached XP level 6. HP: 45/45 MP: 8/13
  1373 | D:4      | Noticed Sigmund
  1379 | D:4      | Killed Sigmund
  1380 | D:4      | Reached XP level 7. HP: 30/50 MP: 7/15
  1614 | D:4      | Noticed Menkaure
  1618 | D:4      | Killed Menkaure
  1619 | D:4      | Reached skill level 5 in Spellcasting
  1619 | D:4      | Reached skill level 7 in Earth Magic
  1726 | D:5      | Entered Level 5 of the Dungeon
  1730 | D:5      | Noticed Ijyb
  1733 | D:5      | Paralysed by Ijyb for 2 turns
  1735 | D:5      | Killed Ijyb
  1749 | D:5      | Reached XP level 8. HP: 57/57 MP: 10/16
  1844 | D:5      | Reached * piety under Sif Muna
  1847 | D:5      | Reached skill level 5 in Conjurations
  1915 | D:5      | Reached skill level 8 in Earth Magic
  1962 | D:5      | Found a staircase to the Ecumenical Temple.
  1990 | Temple   | Entered the Ecumenical Temple
  1999 | Temple   | Identified a scroll of acquirement
  1999 | Temple   | Acquired a staff of earth
  2009 | Temple   | Learned a level 4 spell: Petrify
  2336 | D:6      | Reached skill level 1 in Invocations
  2375 | D:6      | Reached skill level 1 in Fighting
  2515 | D:6      | Noticed Grinder
  2520 | D:6      | Gained mutation: You passively map the area around you.
                  | [Meteoran growth]
  2520 | D:6      | Reached XP level 9. HP: 55/67 MP: 16/19
  2523 | D:6      | Paralysed by Grinder for 2 turns
  2531 | D:6      | Killed Grinder
  2535 | D:6      | Reached ** piety under Sif Muna
  2546 | D:6      | HP: 1/105 [steam dragon/ball of steam (15)]
  2546 | D:6      | Killed from afar by an orc wizard

Illustrated notes

Levels and vault maps discovered:
D:1:      giann_horns, layout_rooms, chequers_serial_rivers_room_b
D:2:      layout_loops_corners
D:3:      layout_loops_ring, amcnicky_altar_gilded, serial_undead,
          serial_undead_e, serial_undead_c, serial_undead_b, serial_undead_c,
          serial_undead_b, uniq_robin
D:4:      cheibrodos_thug_alley, layout_loops_corners, serial_shops,
          shop_fountains, st_stairs_3, nicolae_shop_self_help, uniq_menkaure,
          uniq_sigmund
D:5:      layout_loops_cross, minmay_temple_entry_trees,
          chequers_serial_rivers_small_b, uniq_ijyb
D:6:      minmay_flawed_box, layout_basic, gammafunk_ghost_hive, serial_shops,
          shop, minmay_misc_feat_room, hangedman_decor_diamond_cutter,
          uniq_grinder
Temple:   nicolae_temple_elliptical

Skill      XL: |  1  2  3  4  5  6  7  8  9 |
---------------+----------------------------+-----
Earth Magic    | 4 5 6 7 8 |  8.0
Spellcasting   | 3 4 5 6 7 |  7.0
Conjurations   | 1 2 3 4 5 |  5.7
Invocations    | 2 4 |  4.2
Fighting       | 1 3 |  3.4
Dodging        | 3 4 |  4.7
Stealth        | |  1.4
Transmutations | |  1.2

Action                   |  1- 3 |  4- 6 |  7- 9 || total
-------------------------+-------+-------+-------++-------
 Cast: Sandblast         |    33 |    36 |    71 ||   140
       Stone Arrow       |       |     1 |    18 ||    19
Invok: Channel Magic     |       |       |     2 ||     2
Evoke: Wand              |       |       |     1 ||     1
  Use: Scroll            |       |       |    12 ||    12
       Potion            |       |       |     3 ||     3
Armor: Robe              |     1 |     1 |    15 ||    17
       Skin              |       |       |    24 ||    24
Dodge: Dodged            |     2 |    14 |    28 ||    44

Table legend: (Time is in decaauts)
 A = Elapsed time spent in this place.
 B = Non-inter-level travel time spent in this place.
 C = Inter-level travel time spent in this place.
 D = Time resting spent in this place.
 E = Time spent auto-exploring this place.
 F = Levels seen in this place.
 G = Mean time per level.
                   A        B        C        D        E       F      G
               +--------+--------+--------+--------+--------+-----+--------+
         Total |   2615 |   2540 |     75 |      0 |   1993 |   7 |  373.6 |
       Dungeon |   2596 |   2521 |     75 |      0 |   1993 |   6 |  432.7 |
        Temple |     19 |     19 |      0 |      0 |      0 |   1 |   19.0 |
               +--------+--------+--------+--------+--------+-----+--------+

Top non-repeatable levels by time:
     D:5: 562 daAuts
     D:4: 555 daAuts
     D:3: 528 daAuts
     D:2: 352 daAuts
     D:1: 329 daAuts
     D:6: 266 daAuts
  Temple: 19 daAuts
